 Dungeon Crawl Stone Soup version 0.30-a0-632-g346586fe48 (webtiles) character file.

Game seed: 9974839138177837337

135 funkygono the Firebug (level 4, -12/30 HPs)
             Began as a Demonspawn Fire Elementalist on Jan 13, 2023.
             Mangled by an ogre
             ... wielding a +0 giant club
              (18 damage)
             ... on level 2 of the Dungeon.
             The game lasted 00:03:40 (3077 turns).

funkygono the Firebug (DsFE)                        Turns: 3077, Time: 00:03:41

Health: -12/30     AC:  6    Str:  9    XL:     4   Next: 96%
Magic:  7/8        EV: 12    Int: 18    God:
Gold:   215        SH:  0    Dex: 13    Spells: 2/8 levels left

rFire   . . .      SeeInvis .    i - +1 rapier (speed)
rCold   . . .      Faith    .    (no shield)
rNeg    . . .      Spirit   .    a - +0 robe
rPois   .          Reflect  .    (no helmet)
rElec   .          Harm     .    (no cloak)
rCorr   .          Rampage  .    (no gloves)
Will    .....                    m - +1 pair of boots
Stlth   ++                       (no amulet)
HPRegen 0.25/turn                (no ring)
MPRegen 0.11/turn                (no ring)

@: no status effects
A: thin metallic scales 1, spiny 1
a: no special abilities


You were on level 2 of the Dungeon.
You visited 1 branch of the dungeon, and saw 3 of its levels.

You collected 215 gold pieces.

Inventory:

Hand Weapons
 e - a +0 whip
 f - a +0 dagger of venom
 i - a +1 rapier of speed (weapon)
Armour
 a - a +0 robe (worn)
 m - a +1 pair of boots (worn)
Wands
 r - a wand of roots (6)
Scrolls
 c - a scroll of butterflies {unknown}
 d - 3 scrolls of identify {unknown}
 j - 2 scrolls of fog {unknown}
 k - a scroll of blinking {unknown}
 l - 3 scrolls of fear {unknown}
 n - a scroll of enchant armour {unknown}
 p - a scroll of enchant weapon {unknown}
Potions
 b - a potion of magic
 g - a potion of flight {unknown}
 h - a potion of brilliance {unknown}
 o - a potion of might {unknown}
 q - a potion of heal wounds {unknown}


   Skills:
 + Level 2.1 Dodging
 - Level 1.7 Stealth
 + Level 2.9 Spellcasting
 + Level 2.5 Conjurations
 + Level 3.8 Fire Magic


You had 2 spell levels left.
You knew the following spells:

 Your Spells              Type           Power      Damage    Failure   Level
a - Foxfire               Conj/Fire      56%        2x1d6     4%          1
b - Scorch                Fire           32%        2d7       4%          2
c - Kindle Blastsparks    Fire/Tloc/Air  14%        2d11      28%         3

Your spell library contained the following spells:

 Spells                   Type           Power      Damage    Failure   Level
 Inner Flame              Hex/Fire       9%         N/A       22%         3
 Flame Wave               Conj/Fire      14%        2d6       41%         4


Dungeon Overview and Level Annotations

Branches:
Dungeon (3/15)

Altars:
Trog

Shops:
D:3 =


Innate Abilities, Weirdness & Mutations

You are partially covered in thin metallic scales. (AC +2)
You are partially covered in sharp spines.


Message History

The goblin attacks as you move away! The goblin is struck by your spines.
You kill the goblin!
The foxfire hits the ogre.
The ogre is almost dead.
The foxfire hits the ogre.
The ogre is almost dead.
The ogre barely misses you.
There is a stone staircase leading up here.
You climb upwards.
There is a stone staircase leading down here.
A rat comes into view.
Casting: Foxfire (safe; 4% risk of failure)
Confirm with . or Enter, or press ? or * to list all spells.
You conjure some foxfire!
Your foxfire dissipates! x2
A rat is nearby!
Casting: Foxfire (safe; 4% risk of failure)
Confirm with . or Enter, or press ? or * to list all spells.
You conjure some foxfire!
The foxfire hits the rat.
You kill the rat!
Your foxfire dissipates!
Magic restored.
Done exploring.
You climb downwards.
The ogre is struck by your spines. The ogre closely misses you.
The goblin is struck by your spines.
You kill the goblin!
There is a stone staircase leading up here.
The goblin misses you.
The ogre hits you with a +0 giant club!!
Ouch! That really hurt!
* * * LOW HITPOINT WARNING * * *
You climb upwards.
There is a stone staircase leading down here.
Casting: Foxfire (safe; 4% risk of failure)
Confirm with . or Enter, or press ? or * to list all spells.
You conjure some foxfire!
The goblin completely misses you.
The ogre hits you with a +0 giant club!!
Ouch! That really hurt!
You die...

#............##.###
#............##.#
#...........§#..#
####.........#.##
#.........#.#
#........§#'#####
########.#......#
#O#......#
#g@v.....#
##.v.....#
#.......# #.#######
#.# ##'## #...#
#...############
#...'..........#


You could see an ogre (ally target) and a goblin (ally target).

Vanquished Creatures
  5 gnolls
  2 adders
  A dart slug (D:1)
  5 ball pythons
  2 endoplasms (D:2)
  10 giant cockroaches
  12 goblins
  6 hobgoblins
  7 jackals
  A quokka (D:1)
  3 bats
  3 frilled lizards (D:1)
  2 kobolds (D:1)
  3 rats
62 creatures vanquished.

Vanquished Creatures (others)
  159 foxfires
159 creatures vanquished.

Grand Total: 221 creatures vanquished

Notes
Turn   | Place    | Note
-------+----------+-------------------------------------------
     0 | D:1      | funkygono the Demonspawn Fire Elementalist began the quest
                  | for the Orb.
     0 | D:1      | Reached XP level 1. HP: 13/13 MP: 3/3
   237 | D:1      | Reached skill level 3 in Fire Magic
   237 | D:1      | Gained mutation: You are partially covered in sharp spines.
                  | [demonic ancestry]
   237 | D:1      | Reached XP level 2. HP: 19/19 MP: 0/5
   240 | D:1      | Learned a level 2 spell: Scorch
   867 | D:1      | Gained mutation: You are partially covered in thin metallic
                  | scales. (AC +2) [demonic ancestry]
   867 | D:1      | Reached XP level 3. HP: 24/24 MP: 3/6
  1253 | D:1      | Found a faded altar of an unknown god.
  1687 | D:2      | Learned a level 3 spell: Kindle Blastsparks
  1758 | D:2      | Reached XP level 4. HP: 27/30 MP: 1/8
  2320 | D:3      | Found Mem Juote's Jewellery Shop.
  2692 | D:3      | Found a bloodstained altar of Trog.
  2976 | D:3      | Noticed an ogre
  3077 | D:2      | Mangled by an ogre

Illustrated notes

Levels and vault maps discovered:
D:1:      dpeg_arrival_three_bigger_balls, layout_basic,
          chequers_ecumenical_altar_lobes, minmay_pentomino_o4
D:2:      layout_basic
D:3:      layout_basic, gammafunk_temple_overflow_statue, serial_shops,
          nicolae_shop_trees, minmay_ogre_servants

Skill      XL: |  1  2  3  4 |
---------------+-------------+-----
Fire Magic     | 3 |  3.8
Dodging        | 2 |  2.1
Conjurations   | 2 |  2.5
Stealth        | |  1.7
Spellcasting   | |  2.9

Action                   |  1- 3 |  4- 6 || total
-------------------------+-------+-------++-------
Melee: Unarmed           |     1 |       ||     1
 Cast: Foxfire           |    60 |    34 ||    94
       Scorch            |     4 |     2 ||     6
Armor: Robe              |     6 |     6 ||    12
Dodge: Dodged            |     9 |    15 ||    24

Table legend: (Time is in decaauts)
 A = Elapsed time spent in this place.
 B = Non-inter-level travel time spent in this place.
 C = Inter-level travel time spent in this place.
 D = Time resting spent in this place.
 E = Time spent auto-exploring this place.
 F = Levels seen in this place.
 G = Mean time per level.
                   A        B        C        D        E       F      G
               +--------+--------+--------+--------+--------+-----+--------+
         Total |   3077 |   2974 |    103 |      3 |   2560 |   3 | 1025.7 |
       Dungeon |   3077 |   2974 |    103 |      3 |   2560 |   3 | 1025.7 |
               +--------+--------+--------+--------+--------+-----+--------+

Top non-repeatable levels by time:
     D:1: 1315 daAuts
     D:2: 1078 daAuts
     D:3: 683 daAuts
